 Dungeon Crawl Stone Soup version 0.24-a0-584-g9d6b971 (webtiles) character file.

Game seed: 2588767497337216240, levelgen mode: classic

759541 Dirofilaria the Wrestler (level 27, -1/224 HPs)
             Began as a Gnoll Skald on Aug 28, 2019.
             Was the Champion of Ashenzari.
             Killed from afar by a hellion (20 damage)
             ... with damnation
             ... on level 7 of Gehenna on Sept 1, 2019.
             The game lasted 04:38:53 (56595 turns).

Dirofilaria the Wrestler (Gnoll Skald)             Turns: 56595, Time: 04:38:58

Health: -1/224     AC: 52    Str: 36    XL:     27
Magic:  36/38      EV: 22    Int: 19    God:    Ashenzari [******]
Gold:   7362       SH: 44    Dex: 14    Spells: 21/66 levels left

rFire    + + +     SeeInvis +   K - +10 demon trident of Conscience {pain, MP-9 Str+5 Int+2} (curse)
rCold    + + .     Gourm    .   b - +10 large shield of Ignorance {rN+ Int-4} (curse)
rNeg     + + +     Faith    .   M - +9 scales of the Dragon King {rPois rF+ rC+ MR+} (curse)
rPois    +         Spirit   .   s - +2 helmet {Int+3} (curse)
rElec    +         Reflect  +   J - +4 dragonskin cloak (curse)
rCorr    .         Harm     .   T - +2 pair of gloves "Vetylom" {rF+ Regen+ Str+4} (curse)
MR       +++..     Clarity  +   G - +2 pair of boots {Fly} (curse)
Stlth    +.........             V - brooch of Shielding {Reflect SH+8} (curse)
HPRegen  0.87/turn              Q - ring of Ru's Hope {rN+ Str+5 Dex-3 SInv Stlth+} (curse)
MPRegen  0.26/turn              A - +4 ring of evasion

@: flying, studying Unarmed Combat
A: distributed training, fangs 1, strong nose
}: 4/15 runes: decaying, serpentine, silver, abyssal
a: Curse Item, Scrying, Renounce Religion, Stop Flying


You were on level 7 of Gehenna.
You worshipped Ashenzari.
Ashenzari was exalted by your worship.
You were very hungry.

You visited 14 branches of the dungeon, and saw 61 of its levels.
You visited the Abyss 3 times.
You also visited: Gauntlet and Ice Cave.

You collected 9280 gold pieces.
You spent 1918 gold pieces at shops.

Inventory:

Hand Weapons
 d - a +9 sacred scourge of holy wrath
 K - the cursed +10 demon trident of Conscience (weapon) {pain, MP-9 Str+5 Int+2}
   (You found it in an ice cave)

   In the hands of one skilled in necromantic magic, it inflicts extra damage on
   living creatures.
   It affects your strength (+5).
   It affects your intelligence (+2).
   It affects your magic capacity (-9).
   It has a curse placed upon it.
Missiles
 B - 47 silver javelins (quivered)
Armour
 b - the cursed +10 large shield of Ignorance (worn) {rN+ Int-4}
   (You found it on level 4 of the Snake Pit)

   It affects your intelligence (-4).
   It protects you from negative energy.
   It has a curse placed upon it.
 q - a scarf of cloud immunity
 s - a cursed +2 helmet of intelligence (worn)
 G - a cursed +2 pair of boots of flying (worn)
 J - the cursed +4 dragonskin cloak (worn)
   (You took it off Tiamat on level 1 of the Realm of Zot)

   It has a curse placed upon it.
 M - the cursed +9 scales of the Dragon King (worn) {rPois rF+ rC+ MR+}
   (You found it on level 2 of the Crypt)

   It protects you from fire.
   It protects you from cold.
   It protects you from poison.
   It affects your resistance to hostile enchantments.
   It has a curse placed upon it.
 R - +7 gold dragon scales
 T - the cursed +2 pair of gloves "Vetylom" (worn) {rF+ Regen+ Str+4}
   (You found it in a Gauntlet)

   It affects your strength (+4).
   It protects you from fire.
   It increases your rate of regeneration.
   It has a curse placed upon it.
Jewellery
 l - the ring of Robustness {AC+8}
   (You found it on level 3 of the Crypt)

   [ring of protection]

   It affects your AC (+8).
 x - an uncursed amulet of the gourmand
 A - a +4 ring of evasion (right hand)
 I - the ring of Nihilism {+Fly rN++}
   (You took it off a tengu reaver on level 2 of the Depths)

   [ring of flight]

   It greatly protects you from negative energy.
   It lets you fly.
 Q - the cursed ring of Ru's Hope (left hand) {rN+ Str+5 Dex-3 SInv Stlth+}
   (You found it in a Gauntlet)

   [ring of positive energy]

   It affects your strength (+5).
   It affects your dexterity (-3).
   It protects you from negative energy.
   It lets you see invisible.
   It makes you more stealthy.
   It has a curse placed upon it.
 V - the cursed brooch of Shielding (around neck) {Reflect SH+8}
   (You took it off a deep elf annihilator on level 3 of the Elven Halls)

   [amulet of reflection]

   It shields you and reflects attacks.
   It affects your SH (+8).
   It has a curse placed upon it.
Wands
 o - a wand of paralysis (29)
 z - a wand of digging (34)
 H - a wand of flame (32)
 O - a wand of disintegration (89)
Scrolls
 a - 5 scrolls of blinking
 f - 16 scrolls of teleportation
 h - 5 scrolls of amnesia
 k - 4 scrolls of remove curse
 t - 9 scrolls of fog
 v - 14 scrolls of magic mapping
 w - a scroll of holy word
 y - 9 scrolls of fear
 C - 5 scrolls of silence
 N - 4 scrolls of summoning
Potions
 g - 11 potions of heal wounds
 j - 24 potions of curing
 m - 6 potions of agility
 n - a potion of invisibility
 p - 5 potions of berserk rage
 r - 8 potions of brilliance
 u - 4 potions of cancellation
 D - 3 potions of resistance
 F - 6 potions of haste
 L - 6 potions of might
 U - 8 potions of mutation
Books
 E - a manual of Unarmed Combat
Miscellaneous
 c - a lightning rod (4/4)
 e - the horn of Geryon
 W - a lamp of fire
 X - a fan of gales
 Y - 2 phantom mirrors
 Z - a phial of floods
Comestibles
 i - 76 rations


   Skills:
 + Level 19.9 Fighting
 + Level 19.6 Short Blades
 + Level 19.6 Long Blades
 + Level 19.6 Axes
 + Level 19.6 Maces & Flails
 + Level 19.9(23.4) Polearms
 + Level 19.6 Staves
 + Level 19.6 Slings
 + Level 19.6 Bows
 + Level 19.6 Crossbows
 + Level 19.6 Throwing
 + Level 19.7(24.4) Armour
 + Level 19.9 Dodging
 + Level 19.6 Stealth
 + Level 19.6(21.8) Shields
 + Level 22.5 Unarmed Combat
 + Level 20.0 Spellcasting
 + Level 16.9(19.4) Conjurations
 + Level 16.9(19.4) Hexes
 + Level 17.6(20.0) Charms
 + Level 16.9(19.4) Summonings
 + Level 16.9(19.4) Necromancy
 + Level 16.9(19.4) Translocations
 + Level 16.9(19.4) Transmutations
 + Level 16.9(19.4) Fire Magic
 + Level 16.9(19.4) Ice Magic
 + Level 16.9(19.4) Air Magic
 + Level 16.9(19.4) Earth Magic
 + Level 16.9(19.4) Poison Magic
 + Level 21.0 Invocations
 + Level 19.6(21.8) Evocations


You had 21 spell levels left.
You knew the following spells:

 Your Spells              Type           Power        Failure   Level  Hunger
a - Infusion              Chrm           ####         0%          1    None
b - Regeneration          Chrm/Necr      #######...   1%          3    None
c - Spectral Weapon       Hex/Chrm       #######.     1%          3    None
d - Blink                 Tloc           N/A          0%          2    None
e - Conjure Flame         Conj/Fire      #######.     1%          3    None
f - Swiftness             Chrm/Air       #######.     0%          2    None
g - Poisonous Vapours     Pois/Air       ######       0%          2    None
h - Summon Lightning Spi  Summ/Air       #######.     1%          4    None
i - Airstrike             Air            #######...   1%          4    None
j - Confusing Touch       Hex            ######       0%          1    None
k - Silence               Hex/Air        #######...   1%          5    #......
l - Cause Fear            Hex            #######...   1%          4    None
m - Statue Form           Tmut/Erth      #######..    1%          6    ####...
n - Dispel Undead         Necr           #######.     1%          5    #......

Your spell library contained the following spells:

 Spells                   Type           Power        Failure   Level  Hunger
 Animate Skeleton         Necr           N/A          0%          1    None
 Apportation              Tloc           ######       0%          1    None
 Beastly Appendage        Tmut           ######       0%          1    None
 Corona                   Hex            #######      0%          1    None
 Freeze                   Ice            ####         0%          1    None
 Magic Dart               Conj           ####         0%          1    None
 Pain                     Necr           ####         0%          1    None
 Sandblast                Erth           ######       0%          1    None
 Shock                    Conj/Air       ####         0%          1    None
 Sting                    Conj/Pois      ####         0%          1    None
 Summon Butterflies       Summ           #######.     0%          1    None
 Summon Small Mammal      Summ           ####         0%          1    None
 Call Imp                 Summ           #######.     0%          2    None
 Corpse Rot               Necr           N/A          0%          2    None
 Ensorcelled Hibernation  Hex/Ice        ######       0%          2    None
 Searing Ray              Conj           ######       0%          2    None
 Shroud of Golubria       Chrm/Tloc      ######       0%          2    None
 Slow                     Hex            #######.     0%          2    None
 Song of Slaying          Chrm           #######.     0%          2    None
 Sticks to Snakes         Tmut           #######.     0%          2    None
 Sublimation of Blood     Necr           #######...   0%          2    None
 Throw Frost              Conj/Ice       ######       0%          2    None
 Call Canine Familiar     Summ           #######.     1%          3    None
 Confuse                  Hex            #######.     1%          3    None
 Dazzling Spray           Conj/Hex       ######       1%          3    None
 Gell's Gravitas          Tloc           #######...   1%          3    None
 Ignite Poison            Fire/Tmut/Pois #######.     1%          3    None
 Inner Flame              Hex/Fire       #######.     1%          3    None
 Mephitic Cloud           Conj/Pois/Air  #######.     1%          3    None
 Ozocubu's Armour         Chrm/Ice       #######.     1%          3    None
 Portal Projectile        Hex/Tloc       ######       1%          3    None
 Recall                   Summ/Tloc      N/A          1%          3    None
 Spider Form              Tmut/Pois      #######...   1%          3    None
 Static Discharge         Conj/Air       #######.     1%          3    None
 Stone Arrow              Conj/Erth      ######       1%          3    None
 Vampiric Draining        Necr           #######...   1%          3    None
 Animate Dead             Necr           N/A          1%          4    None
 Force Lance              Conj/Tloc      #######.     1%          4    None
 Fulminant Prism          Conj/Hex       #######...   1%          4    None
 Ice Form                 Ice/Tmut       #######.     1%          4    None
 Iskenderun's Mystic Bla  Conj           #######.     1%          4    None
 Leda's Liquefaction      Hex/Erth       #######...   1%          4    None
 Olgreb's Toxic Radiance  Pois           #######.     1%          4    None
 Petrify                  Tmut/Erth      #######.     1%          4    None
 Summon Ice Beast         Ice/Summ       #######.     1%          4    None
 Throw Icicle             Conj/Ice       #######.     1%          4    None
 Agony                    Necr           #######.     1%          5    #......
 Alistair's Intoxication  Tmut/Pois      #######.     1%          5    #......
 Blade Hands              Tmut           #######...   1%          5    #......
 Bolt of Draining         Conj/Necr      #######...   1%          5    #......
 Bolt of Magma            Conj/Fire/Erth #######...   1%          5    #......
 Borgnjor's Vile Clutch   Necr/Erth      #######...   1%          5    #......
 Excruciating Wounds      Chrm/Necr      #######...   1%          5    #......
 Irradiate                Conj/Tmut      #######...   1%          5    #......
 Lightning Bolt           Conj/Air       #######...   1%          5    #......
 Metabolic Englaciation   Hex/Ice        #######...   1%          5    #......
 Summon Mana Viper        Hex/Summ       #######.     1%          5    #......
 Venom Bolt               Conj/Pois      #######...   1%          5    #......
 Yara's Violent Unravell  Hex/Tmut       #######...   1%          5    #......
 Death Channel            Necr           #######...   1%          6    ####...
 Deflect Missiles         Chrm/Air       #######...   1%          6    ####...
 Hydra Form               Tmut           #######...   1%          6    ####...
 Invisibility             Hex            #######.     1%          6    ####...
 Iron Shot                Conj/Erth      #######...   1%          6    ####...
 Ozocubu's Refrigeration  Ice            #######...   1%          6    ####...
 Simulacrum               Ice/Necr       #######...   1%          6    ####...
 Ring of Flames           Chrm/Fire      #######...   5%          7    ######.
 Dragon Form              Tmut           #######...   6%          7    ######.
 Malign Gateway           Summ/Tloc      #######...   6%          7    ######.
 Monstrous Menagerie      Summ           #######...   6%          7    ######.
 Summon Greater Demon     Summ           #######...   6%          7    ######.
 Summon Hydra             Summ           #######...   6%          7    ######.
 Discord                  Hex            #######...   43%         8    #######
 Summon Horrible Things   Summ           #######...   43%         8    #######


Dungeon Overview and Level Annotations

Branches:
Dungeon (15/15)            Temple (1/1) D:5            Lair (6/6) D:9
  Swamp (4/4) Lair:4        Snake (4/4) Lair:4        Slime (1/5) Lair:6
    Orc (2/2) D:11            Elf (3/3) Orc:2        Vaults (5/5) D:14
  Crypt (3/3) Vaults:2       Tomb (0/3) Crypt:3      Depths (5/5) D:15
   Hell (visited)             Dis (0/7) Hell            Geh (7/7) Hell
    Coc (0/7) Hell            Tar (0/7) Hell            Zot (4/5) Depths:5
  IceCv (visited)         Gauntlet (visited)

Altars:
Ashenzari
Cheibriados
Dithmenos
Elyvilon
Fedhas
Gozag
Kikubaaqudgha
Makhleb
Nemelex Xobeh
Okawaru
Ru
Sif Muna
Trog
Uskayaw
Vehumet
Wu Jian
Xom
Zin
The Shining One

Shops:
D:11 [   D:15 [   Orc:1 ?((?   Orc:2 [(:*   Elf:1 !   Elf:3 (*   Snake:2 *
Vaults:2 [   Vaults:3 *

Portals:
Hell: Depths:1 Depths:2 Depths:3 Depths:4 Depths:5
Abyss: Depths:1 Depths:4
Pandemonium: Depths:1 Depths:2 Depths:3
Ziggurat: Depths:3

Annotations:
Lair:1 1 runed translucent door, Mnat's ghost, journeyman GnTm
Vaults:4 3 runed translucent doors, Orei's ghost, veteran DsWn


Innate Abilities, Weirdness & Mutations

Your experience applies equally to all skills.
You have very sharp teeth.
Your uncanny sense of smell can sniff out nearby items.


Message History

You bite the Brimstone Fiend.
The Brimstone Fiend is severely wounded.
Your spectral weapon hits the Brimstone Fiend!
The Brimstone Fiend gestures at you.
The sphere of damnation explodes!
The damnation engulfs you!!
* * * LOW HITPOINT WARNING * * *
The damnation engulfs the Brimstone Fiend.
The Brimstone Fiend completely resists.
The damnation engulfs your spectral weapon!
Your spectral weapon shares its damage with you!
Your spectral weapon fades away.
* * * LOW HITPOINT WARNING * * *
The Brimstone Fiend roars!
You feel much better.
The Brimstone Fiend calls on the powers of darkness!
Your body is wracked with pain!
* * * LOW HITPOINT WARNING * * *
The hellion gestures at you.
The sphere of damnation explodes!
The damnation engulfs you!!
You die... {, *,,,,**+∆∆∆∆ * ,, *#...# ##.. ,** , , +++{{

+ , , #..## #... +,* ,,,,+** *+,
,,8 #.'## #... * ,,, , ,,
,,,*#'''# #... ** * ** *** ##'.#
#... ,*** ** ############..# #...
,, * , *#.......'##...# #... {,
+, ,{,*#......'''....# #... ,, ,
* , , #.2@..##'.....# #... * * *
* +*#'1############ #... *++ #''*
#.). ######## ∆∆$$$$*
############..≈ .......##
*$..$#*##...........§≈≈
........####|:#*##..........§§§≈≈
.........#####*##...........§.§≈≈
..........## ##............§§§≈≈
...........####............≈≈≈§≈≈


You could see a Brimstone Fiend and a hellion.

Vanquished Creatures
  3 ancient liches
  An orb of fire (Zot:3)
  Tiamat (Zot:1)
  Mennas (Vaults:4)
  A juggernaut (Depths:4)
  the Lernaean hydra (Swamp:4)
  The ghost of Cakofrod the Hoplite, a veteran DrBe of Trog (Vaults:1)
  Boris (twice) (Depths:5 Crypt:3)
  Sojobo (Vaults:4)
  Saint Roka (Elf:3)
  Bai Suzhen (Elf:3)
  Xtahua (Depths:3)
  Margery (Depths:4)
  2 curse toes
  Geryon (Hell)
  8 golden dragons
  A caustic shrike (Depths:4)
  Vashnia (Snake:4)
  A bone dragon (Abyss:4)
  5 Brimstone Fiends
  An electric golem (Zot:3)
  14 liches
  21 tentacled monstrosities
  The ghost of Yrretem the Rich, an adept GnWr of Gozag (Swamp:3)
  9 quicksilver dragons
  2 deep elf blademasters (Elf:3)
  6 titans
  A deep elf master archer (Elf:3)
  An Executioner (Abyss:2)
  8 death cobs
  An acid blob (Slime:1)
  3 sphinxes
  An eldritch tentacle (Geh:4)
  6 tentacled starspawn
  Roxanne (Elf:3)
  14 storm dragons
  13 shadow dragons
  10 tengu reavers
  The ghost of Koqikobu the Thaumaturge, an adept GnSk of Yredelemnul (Swamp:3)
  A thorn hunter (Swamp:3)
  7 fire giants
  8 nagarajas
  17 large abominations
  4 draconian monks
  2 revenants
  14 frost giants
  3 ghost moths
  The ghost of Letemop the Messiah, a journeyman HOMo of Beogh (Swamp:3)
  9 draconian knights
  16 vault wardens
  5 balrugs
  5 orc warlords
  An iron dragon (Hell)
  10 deep elf sorcerers
  10 draconian scorchers
  4 curse skulls
  Louise (D:14)
  3 ghouls (Crypt:2)
  6 draconian shifters
  6 deep elf elementalists
  9 reapers
  2 entropy weavers
  4 draconian stormcallers
  8 draconian annihilators
  6 war gargoyles
  21 stone giants
  18 ironheart preservers
  49 very ugly things
  24 black draconians
  5 vampire knights
  9 deep elf demonologists
  2 entropy weavers (shapeshifter)
  10 deep elf annihilators
  17 green draconians
  A minotaur (Gauntlet)
  Azrael (Snake:2)
  20 purple draconians
  12 red draconians
  10 white draconians
  6 dire elephants (Lair:6)
  6 spark wasps
  14 deep elf death magi
  12 yellow draconians
  3 eidola
  12 ettins
  4 merfolk javelineers (Depths:1)
  A crystal guardian (Vaults:4)
  3 deep elf high priests
  5 jiangshi
  9 great orbs of eyes
  A merfolk impaler (Depths:1)
  19 yaktaur captains
  13 fire dragons
  Harold (D:8)
  A quicksilver dragon skeleton (Geh:2)
  15 naga warriors
  Erolcha (D:10)
  2 rakshasas
  36 vault guards
  3 ghost crabs
  3 hell beasts
  7 spriggan air magi
  10 centaur warriors
  A spectral shadow dragon (Vaults:1)
  22 hydras
  A catoblepas (Lair:2)
  15 ice dragons
  3 shambling mangroves
  3 death knights
  11 alligators
  20 two-headed ogres
  2 spectral fire giants (Vaults:1)
  A queen ant (Gauntlet)
  13 deep troll shamans
  10 anacondas
  A spectral human (Vaults:1)
  31 dancing weapons
  4 death yaks (Lair:6)
  7 tengu warriors
  8 hell hogs
  11 ogre magi
  7 spriggan berserkers
  17 deep troll earth magi
  4 vampire magi
  A death yak (shapeshifter) (Depths:4)
  6 orc high priests
  9 shock serpents
  10 thrashing horrors
  2 titan zombies
  24 naga sharpshooters
  5 soul eaters
  23 hell knights
  9 sun demons
  A storm dragon zombie (Geh:7)
  30 deep elf knights
  3 wretched stars
  A sixfirhy (Abyss:2)
  A golden dragon zombie (Geh:4)
  An iron golem (Geh:7)
  2 titan skeletons
  8 iron trolls
  2 anaconda zombies
  4 shadow wraiths
  19 skeletal warriors
  A ghost moth zombie (Geh:6)
  A deep troll (shapeshifter) (Depths:5)
  2 spatial maelstroms (Abyss:5)
  3 salamander mystics
  A death drake (shapeshifter) (Vaults:5)
  A shadow demon (Abyss:4)
  17 flayed ghosts
  6 wizards
  An orange crystal statue (Gauntlet)
  7 naga ritualists
  4 unseen horrors
  2 starcursed masses (Abyss:2)
  A swamp dragon (shapeshifter) (Vaults:5)
  2 spriggan druids (Swamp:4)
  4 harpies (Vaults:5)
  41 deep trolls
  4 glowing orange brains
  A kraken simulacrum (Hell)
  A lindwurm (Zot:1)
  3 wolf spider zombies
  30 deep elf archers
  13 swamp dragons (Swamp:4)
  2 sphinx zombies
  18 ironbrand convokers
  5 shadow dragon zombies
  3 anaconda skeletons
  13 phantasmal warriors
  19 necromancers
  An orb spider (shapeshifter) (Depths:2)
  8 oklob plants
  3 wolf spiders
  2 fire giant zombies
  6 orc sorcerers
  86 deep elf magi
  21 orc knights
  6 mana vipers
  79 ugly things
  3 iron dragon zombies
  8 cyclopes
  3 stone giant zombies
  2 worldbinders (Abyss:2)
  16 salamanders
  3 iron dragon skeletons
  17 moths of wrath
  28 naga magi
  A salamander (shapeshifter) (Depths:3)
  3 centaur zombies
  2 apocalypse crabs (Abyss:5)
  3 frost giant zombies
  6 molten gargoyles (Geh:7)
  3 frost giant skeletons
  3 guardian serpents (Snake:3)
  2 guardian serpents (shapeshifter)
  16 vault sentinels
  A dire elephant zombie (Geh:4)
  2 ice statues
  4 rust devils
  4 elephants (Lair:6)
  2 stone giant skeletons
  13 fire giant skeletons
  A storm dragon simulacrum (Crypt:1)
  10 smoke demons
  5 gargoyles
  A torpor snail (Lair:6)
  A titan simulacrum (Vaults:1)
  32 black mambas
  6 spiny frogs
  An eye of devastation (Abyss:4)
  An emperor scorpion zombie (Geh:4)
  2 kobold demonologists
  7 hellions
  2 shock serpent skeletons
  3 rime drakes
  A yaktaur zombie (Vaults:2)
  5 guardian mummies
  62 yaktaurs
  A black draconian zombie (Crypt:2)
  A hellwing (Vaults:4)
  4 komodo dragons
  10 freezing wraiths
  4 tormentors
  10 ice devils
  A minotaur skeleton (Geh:7)
  5 trolls
  19 red devils
  4 tengu conjurers
  A tengu simulacrum (Vaults:3)
  8 tyrant leeches
  A polar bear (shapeshifter) (Vaults:3)
  2 ancient zymes
  A yellow draconian skeleton (Crypt:2)
  A jumping spider (shapeshifter) (Vaults:1)
  A merfolk (shapeshifter) (Elf:1)
  A wolf spider simulacrum (Crypt:1)
  15 hornets
  A meliai (shapeshifter) (Depths:2)
  A wind drake (shapeshifter) (Vaults:1)
  A sphinx simulacrum (Vaults:3)
  Grinder (D:3)
  A queen bee (D:9)
  4 blink frogs (Lair:3)
  3 meliai (D:14)
  4 raiju (Abyss:2)
  15 dream sheep
  4 harpy skeletons
  2 hydra skeletons
  63 slime creatures
  A slime creature (shapeshifter) (Depths:4)
  A spriggan zombie (D:15)
  An ice dragon zombie (Hell)
  9 hippogriffs
  6 bog bodies
  An ettin zombie (D:15)
  A frost giant simulacrum (Vaults:4)
  A black mamba zombie (Geh:3)
  2 spriggans (shapeshifter)
  4 human simulacra
  A meliai zombie (D:14)
  36 flying skulls
  2 air elementals
  An alligator skeleton (Geh:7)
  A centaur simulacrum (D:15)
  13 water elementals
  5 spriggans
  2 ynoxinuls (Abyss:1)
  9 shadows
  3 fire giant simulacra
  A redback (Vaults:2)
  2 vampires
  15 wraiths
  Sigmund (D:3)
  A wyvern (D:13)
  A redback (shapeshifter) (Depths:4)
  An ushabti (Crypt:3)
  29 yaks
  7 hungry ghosts
  11 fire bats
  32 fire elementals
  2 golden eyes (Abyss:4)
  A human (D:11)
  A black mamba skeleton (Crypt:3)
  10 fire dragon skeletons
  4 neqoxecs
  9 chaos spawn
  A steam dragon (D:9)
  A basilisk (Lair:2)
  2 spatial vortices (Abyss:5)
  30 vampire mosquitoes
  A yaktaur simulacrum (Vaults:1)
  20 swamp worms
  12 insubstantial wisps (Swamp:2)
  3 soldier ants (Gauntlet)
  51 nagas
  3 acid dragons
  2 spiny frog zombies (Hell)
  A torturous demonspawn zombie (Geh:1)
  12 wargs
  5 water moccasins
  An infernal demonspawn zombie (Geh:1)
  A water moccasin (shapeshifter) (Vaults:4)
  6 porcupines
  33 hell hounds
  A spiny frog skeleton (Hell)
  12 swamp drakes
  3 elf skeletons
  4 sky beasts
  53 orc warriors
  4 ice beasts
  2 snapping turtle zombies
  2 orc zombies
  2 ettin simulacra
  7 phantoms
  4 black bears
  An eye of draining (D:10)
  An alligator simulacrum (Hell)
  9 necrophages
  7 boggarts
  An eye of draining (shapeshifter) (Vaults:3)
  28 ogres
  15 wolves
  A snapping turtle skeleton (Geh:3)
  18 centaurs
  A manticore skeleton (Crypt:2)
  7 crocodiles
  A hog zombie (Crypt:1)
  9 big kobolds
  17 bullfrogs
  6 earth elementals
  10 small abominations
  A salamander skeleton (Crypt:1)
  A deep troll simulacrum (Vaults:1)
  A water moccasin zombie (D:11)
  A spiny frog simulacrum (Hell)
  5 scorpions
  An elf simulacrum (Vaults:1)
  38 killer bees
  30 wights
  An electric eel (Lair:4)
  9 howler monkeys
  8 crimson imps
  6 human zombies
  4 jellies
  3 bullfrog zombies
  3 quasits
  6 centaur skeletons
  7 hounds
  21 orc priests
  20 orc wizards
  2 bullfrog skeletons
  2 iron imps
  4 human skeletons
  14 worker ants
  4 iguanas
  A naga zombie (Geh:7)
  A deep dwarf skeleton (Crypt:1)
  2 hound skeletons (D:5)
  20 mummies
  2 howler monkey zombies
  7 gnolls
  A scorpion zombie (Crypt:2)
  A worker ant zombie (D:7)
  15 adders
  7 shadow imps
  16 white imps
  2 oozes
  10 ufetubi (IceCv)
  2 adder zombies
  A halfling zombie (Crypt:1)
  An adder skeleton (D:9)
  3 worms
  3 dart slugs
  4 leopard geckos
  106 orcs
  A ball python (D:2)
  2 giant cockroaches
  6 goblins
  6 hobgoblins
  2 jackals (D:7)
  3 quokkas
  A ball python zombie (Crypt:2)
  3 bats
  5 frilled lizards
  33 kobolds
  A kobold skeleton (Geh:3)
  6 rats
  5 crawling corpses
  A fire vortex (Geh:2)
  A fungus (Lair:4)
  A lurking horror (Abyss:1)
  2 plants (Lair:6)
  7 starspawn tentacles
  A tentacle (Hell)
3066 creatures vanquished.

Vanquished Creatures (collateral kills)
  Mara (Vaults:2)
1 creature vanquished.

Vanquished Creatures (others)
  A deep elf master archer (Elf:3)
  A fire giant (Depths:2)
  A reaper (IceCv)
  A hydra (Swamp:1)
  A satyr (Abyss:5)
  2 hell hogs (Geh:4)
  A spectral human (Vaults:1)
  A necromancer (Vaults:3)
  A yaktaur (Depths:5)
  A water elemental (Elf:2)
  A flying skull (Geh:1)
  A spriggan (Swamp:1)
  A fire bat (Abyss:5)
  A fire elemental (Geh:7)
  A warg (Vaults:5)
  2 insubstantial wisps (Swamp:2)
  A hell hound (Geh:4)
  5 white imps (IceCv)
  3 ufetubi (IceCv)
  An orc (Vaults:5)
  2 bushes
  9 fungi
  23 plants
  125 spectral weapons
  8 starspawn tentacles
  6 tentacles (Hell)
  A withered plant (Lair:1)
202 creatures vanquished.

Grand Total: 3269 creatures vanquished

Notes
Turn   | Place    | Note
-------+----------+-------------------------------------------
     0 | D:1      | Dirofilaria the Gnoll Skald began the quest for the Orb.
     0 | D:1      | Reached XP level 1. HP: 20/20 MP: 6/6
   349 | D:1      | Reached XP level 2. HP: 24/26 MP: 7/7
  1095 | D:2      | Reached XP level 3. HP: 25/31 MP: 9/9
  1100 | D:2      | Learned a level 3 spell: Regeneration
  1104 | D:2      | Learned a level 3 spell: Spectral Weapon
  1127 | D:2      | Reached skill level 5 in Spellcasting
  1190 | D:2      | Reached skill level 1 in Invocations
  1215 | D:2      | Reached skill level 1 in Short Blades
  1215 | D:2      | Reached skill level 1 in Long Blades
  1215 | D:2      | Reached skill level 1 in Axes
  1215 | D:2      | Reached skill level 1 in Maces & Flails
  1215 | D:2      | Reached skill level 1 in Staves
  1215 | D:2      | Reached skill level 1 in Slings
  1215 | D:2      | Reached skill level 1 in Bows
  1215 | D:2      | Reached skill level 1 in Crossbows
  1215 | D:2      | Reached skill level 1 in Throwing
  1215 | D:2      | Reached skill level 1 in Stealth
  1215 | D:2      | Reached skill level 1 in Shields
  1215 | D:2      | Reached skill level 1 in Unarmed Combat
  1215 | D:2      | Reached skill level 1 in Evocations
  1309 | D:1      | Reached XP level 4. HP: 12/38 MP: 2/11
  1849 | D:3      | Noticed Grinder
  1850 | D:3      | Paralysed by Grinder for 6 turns
  1868 | D:3      | Killed Grinder
  1868 | D:3      | Reached skill level 1 in Conjurations
  1868 | D:3      | Reached skill level 1 in Hexes
  1868 | D:3      | Reached skill level 1 in Summonings
  1868 | D:3      | Reached skill level 1 in Necromancy
  1868 | D:3      | Reached skill level 1 in Translocations
  1868 | D:3      | Reached skill level 1 in Transmutations
  1868 | D:3      | Reached skill level 1 in Fire Magic
  1868 | D:3      | Reached skill level 1 in Ice Magic
  1868 | D:3      | Reached skill level 1 in Air Magic
  1868 | D:3      | Reached skill level 1 in Earth Magic
  1868 | D:3      | Reached skill level 1 in Poison Magic
  1868 | D:3      | Reached XP level 5. HP: 16/43 MP: 9/12
  1868 | D:3      | Reached XP level 6. HP: 18/50 MP: 10/14
  2005 | D:3      | Found a bloodstained altar of Trog.
  2070 | D:3      | Noticed Sigmund
  2088 | D:3      | Killed Sigmund
  2088 | D:3      | Reached skill level 5 in Fighting
  2088 | D:3      | Reached skill level 5 in Polearms
  2088 | D:3      | Reached skill level 5 in Dodging
  2088 | D:3      | Reached skill level 2 in Unarmed Combat
  2088 | D:3      | Reached XP level 7. HP: 56/56 MP: 10/15
  2160 | D:3      | Found a hide-covered altar of Uskayaw.
  2161 | D:3      | Upgraded the game from 0.24-a0-582-g4d4af81 to
                  | 0.24-a0-583-g87330a4
  2261 | D:3      | Learned a level 2 spell: Blink
  2265 | D:3      | Learned a level 3 spell: Conjure Flame
  2412 | D:3      | Found a blossoming altar of Fedhas.
  3162 | D:4      | Identified the Compendium of Aerial Enhancements
  3167 | D:4      | Learned a level 2 spell: Swiftness
  3170 | D:4      | Learned a level 2 spell: Poisonous Vapours
  3371 | D:5      | Entered Level 5 of the Dungeon
  3477 | D:5      | Reached XP level 8. HP: 63/63 MP: 16/16
  3528 | D:5      | Reached skill level 3 in Unarmed Combat
  3726 | D:5      | Found a sacrificial altar of Ru.
  3726 | D:5      | Found an iron altar of Okawaru.
  3727 | D:5      | Found a glowing silver altar of Zin.
  3802 | D:5      | Found a staircase to the Ecumenical Temple.
  3878 | Temple   | Entered the Ecumenical Temple
  3986 | Temple   | Became a worshipper of Ashenzari the Shackled
  4715 | D:7      | Found a shattered altar of Ashenzari.
  4751 | D:7      | Reached XP level 9. HP: 58/69 MP: 15/18
  4828 | D:7      | Found a glowing golden altar of the Shining One.
  4936 | D:7      | Found a blossoming altar of Fedhas.
  5012 | D:7      | Reached skill level 4 in Unarmed Combat
  5063 | D:7      | Reached skill level 5 in Armour
  5239 | D:7      | Reached * piety under Ashenzari
  5665 | D:8      | Reached skill level 5 in Invocations
  5720 | D:8      | Reached XP level 10. HP: 42/77 MP: 20/20
  5809 | D:8      | Noticed Harold
  5824 | D:8      | Killed Harold
  5824 | D:8      | Reached skill level 5 in Short Blades
  5824 | D:8      | Reached skill level 5 in Long Blades
  5824 | D:8      | Reached skill level 5 in Axes
  5824 | D:8      | Reached skill level 5 in Maces & Flails
  5824 | D:8      | Reached skill level 5 in Staves
  5824 | D:8      | Reached skill level 5 in Slings
  5824 | D:8      | Reached skill level 5 in Bows
  5824 | D:8      | Reached skill level 5 in Crossbows
  5824 | D:8      | Reached skill level 5 in Throwing
  5824 | D:8      | Reached skill level 5 in Stealth
  5824 | D:8      | Reached skill level 5 in Shields
  5824 | D:8      | Reached skill level 5 in Unarmed Combat
  5824 | D:8      | Reached skill level 5 in Evocations
  5907 | D:8      | Noticed a two-headed ogre
  5930 | D:8      | Killed a two-headed ogre
  6453 | D:9      | Noticed a two-headed ogre
  6466 | D:9      | Killed a two-headed ogre
  6466 | D:9      | Reached XP level 11. HP: 27/84 MP: 20/22
  6881 | D:9      | Reached skill level 6 in Unarmed Combat
  6888 | D:9      | Reached skill level 5 in Conjurations
  6888 | D:9      | Reached skill level 5 in Hexes
  6888 | D:9      | Reached skill level 5 in Summonings
  6888 | D:9      | Reached skill level 5 in Necromancy
  6888 | D:9      | Reached skill level 5 in Translocations
  6888 | D:9      | Reached skill level 5 in Transmutations
  6888 | D:9      | Reached skill level 5 in Fire Magic
  6888 | D:9      | Reached skill level 5 in Ice Magic
  6888 | D:9      | Reached skill level 5 in Air Magic
  6888 | D:9      | Reached skill level 5 in Earth Magic
  6888 | D:9      | Reached skill level 5 in Poison Magic
  6910 | D:9      | Found a staircase to the Lair.
  7095 | D:10     | Entered Level 10 of the Dungeon
  7201 | D:10     | Noticed Erolcha
  7212 | D:10     | Killed Erolcha
  7250 | D:10     | Reached ** piety under Ashenzari
  7340 | D:10     | Noticed a red ugly thing
  7364 | D:10     | Killed a red ugly thing
  7796 | Lair:1   | Entered Level 1 of the Lair of Beasts
  7856 | Lair:1   | Found a radiant altar of Vehumet.
  7893 | Lair:1   | Found a frozen archway.
  7924 | IceCv    | Entered an ice cave
  8102 | IceCv    | Killed a reaper
  8476 | IceCv    | Identified Hururej's Almanac of Execration
  8483 | IceCv    | Got the demon trident of Conscience {pain, MP-9 Str+5
                  | Int+2}
  8484 | IceCv    | Identified the +10 demon trident of Conscience {pain, MP-9
                  | Str+5 Int+2} (You found it in an ice cave)
  8920 | Lair:1   | Found a runed translucent door.
  8920 | Lair:1   | Noticed Mnat's ghost (journeyman GnTm)
  9520 | Lair:2   | Reached XP level 12. HP: 93/93 MP: 8/24
  9573 | Lair:2   | Noticed a four-headed hydra
  9581 | Lair:2   | Killed a four-headed hydra
  9601 | Lair:2   | Noticed a catoblepas
  9609 | Lair:2   | Killed a catoblepas
  9651 | Lair:2   | Found a snail-covered altar of Cheibriados.
  9705 | Lair:2   | Reached skill level 7 in Unarmed Combat
 10489 | Lair:3   | Reached *** piety under Ashenzari
 11579 | Lair:4   | Found a staircase to the Snake Pit.
 11799 | Lair:4   | Noticed a seven-headed hydra
 11801 | Lair:4   | Noticed a five-headed hydra
 11804 | Lair:4   | Killed a seven-headed hydra
 11811 | Lair:4   | HP: 1/94 [swamp worm (7)]
 11823 | Lair:4   | Killed a five-headed hydra
 11825 | Lair:4   | Reached XP level 13. HP: 17/101 MP: 10/26
 11925 | Lair:4   | Found a staircase to the Swamp.
 12180 | Lair:5   | Reached **** piety under Ashenzari
 12232 | Lair:5   | Found a gate leading to a gauntlet.
 12241 | Gauntlet | Entered a Gauntlet
 12241 | Gauntlet | Found a transporter.
 12241 | Gauntlet | Found a large runed translucent door.
 12241 | Gauntlet | Found a large runed translucent door.
 12241 | Gauntlet | Found a large runed translucent door.
 12241 | Gauntlet | Found a large runed translucent door.
 12241 | Gauntlet | Found a runed translucent door.
 12241 | Gauntlet | Found a runed translucent door.
 12241 | Gauntlet | Found a large runed translucent door.
 12241 | Gauntlet | Found a large runed translucent door.
 12241 | Gauntlet | Found a large runed translucent door.
 12241 | Gauntlet | Found a large runed translucent door.
 12241 | Gauntlet | Found a large runed translucent door.
 12241 | Gauntlet | Found a large runed translucent door.
 12242 | Gauntlet | Found a large runed translucent door.
 12242 | Gauntlet | Found a large runed translucent door.
 12254 | Gauntlet | Found a transporter.
 12265 | Gauntlet | Found a transporter.
 12270 | Gauntlet | Found a transporter.
 12285 | Gauntlet | Found a transporter.
 12285 | Gauntlet | Noticed a death ooze
 12304 | Gauntlet | Found a transporter.
 12316 | Gauntlet | Found a transporter.
 12328 | Gauntlet | Found a transporter.
 12328 | Gauntlet | Noticed a dire elephant
 12340 | Gauntlet | Found a transporter.
 12352 | Gauntlet | Found a transporter.
 12355 | Gauntlet | Identified the +0 pair of boots "Cyseoph" {rElec rC- Dex+5}
 12369 | Gauntlet | Found a transporter.
 12386 | Gauntlet | Found a transporter.
 12393 | Gauntlet | Found a transporter.
 12409 | Gauntlet | Found a large runed translucent door.
 12410 | Gauntlet | Found a large runed translucent door.
 12414 | Gauntlet | Found a runed translucent gate.
 12414 | Gauntlet | Found a runed translucent gate.
 12414 | Gauntlet | Found a runed translucent gate.
 12416 | Gauntlet | Found a transporter.
 12417 | Gauntlet | Identified the ring of Ru's Hope {rN+ Str+5 Dex-3 SInv
                  | Stlth+}
 12418 | Gauntlet | Found a transporter.
 12420 | Gauntlet | Found a transporter.
 12434 | Gauntlet | Found a large runed translucent door.
 12435 | Gauntlet | Found a large runed translucent door.
 12448 | Gauntlet | Found a transporter.
 12450 | Gauntlet | Found a transporter.
 12654 | Gauntlet | Got the uncursed pair of gloves "Vetylom" {rF+ Regen+
                  | Str+4}
 12665 | Gauntlet | Identified the +2 pair of gloves "Vetylom" {rF+ Regen+
                  | Str+4} (You found it in a Gauntlet)
 12676 | Gauntlet | Noticed a minotaur
 12685 | Gauntlet | Killed a minotaur
 12751 | Lair:5   | Reached skill level 8 in Unarmed Combat
 13332 | Lair:6   | Entered Level 6 of the Lair of Beasts
 13680 | Lair:6   | Found a staircase to the Slime Pits.
 13796 | Lair:6   | Reached skill level 10 in Spellcasting
 13799 | Lair:6   | Reached XP level 14. HP: 80/109 MP: 15/28
 14157 | Lair:6   | Noticed a dire elephant
 14164 | Lair:6   | Killed a dire elephant
 14198 | Lair:6   | Noticed a dire elephant
 14198 | Lair:6   | Noticed a dire elephant
 14212 | Lair:6   | Killed a dire elephant
 14217 | Lair:6   | Killed a dire elephant
 14217 | Lair:6   | Reached skill level 10 in Fighting
 14217 | Lair:6   | Reached skill level 10 in Polearms
 14217 | Lair:6   | Reached skill level 10 in Dodging
 14247 | Lair:6   | Noticed a dire elephant
 14254 | Lair:6   | Killed a dire elephant
 14281 | Lair:6   | Noticed a dire elephant
 14289 | Lair:6   | Killed a dire elephant
 14329 | Lair:6   | Reached ***** piety under Ashenzari
 14336 | Lair:6   | Reached skill level 9 in Unarmed Combat
 14620 | D:11     | Found a staircase to the Orcish Mines.
 14688 | D:11     | Identified the +6 whip "Trog's Hatred" {freeze, *Drain
                  | rPois MP+9}
 14990 | D:11     | Reached skill level 10 in Invocations
 15000 | D:11     | Found Qabra's Armour Boutique.
 15008 | D:11     | Bought a cursed +0 buckler for 19 gold pieces
 15191 | Orc:1    | Entered Level 1 of the Orcish Mines
 15191 | Orc:1    | Found Kyryrox's Magic Scroll Boutique.
 15191 | Orc:1    | Found Uggaeme's Weapon Shoppe.
 15191 | Orc:1    | Found Duwiont's Magic Scroll Shoppe.
 15192 | Orc:1    | Found Reyte's Antique Weapon Shoppe.
 15193 | Orc:1    | Noticed an orc warlord
 15214 | Orc:1    | Killed an orc warlord
 15275 | Orc:1    | Bought a scroll of remove curse for 42 gold pieces
 15294 | Orc:1    | Bought a scroll of teleportation for 45 gold pieces
 15294 | Orc:1    | Bought a scroll of blinking for 112 gold pieces
 15294 | Orc:1    | Bought a scroll of teleportation for 45 gold pieces
 15634 | Orc:2    | Entered Level 2 of the Orcish Mines
 15798 | Orc:2    | Noticed an orc warlord
 15955 | Orc:1    | Killed an orc warlord
 16094 | Orc:2    | Found a staircase to the Elven Halls.
 16103 | Orc:2    | Found Yxzarib's Antique Weapon Boutique.
 16121 | Orc:2    | Found Hipsubya's Book Emporium.
 16159 | Orc:2    | Found Ogiobr Noup's Antique Armour Shop.
 16171 | Orc:2    | Reached XP level 15. HP: 106/117 MP: 18/29
 16209 | Orc:2    | Bought a transparent buckler for 256 gold pieces
 16209 | Orc:2    | Identified the cursed +0 buckler of Mukhur {rF- Dex+3
                  | Stlth+} (You bought it in a shop on level 2 of the Orcish
                  | Mines)
 16209 | Orc:2    | Bought a distressingly furry ring mail for 243 gold pieces
 16209 | Orc:2    | Bought a warped cloak for 256 gold pieces
 16221 | Orc:2    | Identified the +2 cloak of Responsibility {rElec rC++ MR+
                  | Str-5} (You bought it in a shop on level 2 of the Orcish
                  | Mines)
 16419 | Orc:2    | Reached skill level 10 in Armour
 16441 | Orc:2    | Found Corhey's General Store.
 16807 | Snake:1  | Entered Level 1 of the Snake Pit
 17211 | Snake:1  | Reached skill level 10 in Charms
 17403 | Snake:1  | Reached ****** piety under Ashenzari
 17874 | Snake:2  | Found Wurrytz's General Store.
 17879 | Snake:2  | Reached skill level 10 in Short Blades
 17879 | Snake:2  | Reached skill level 10 in Long Blades
 17879 | Snake:2  | Reached skill level 10 in Axes
 17879 | Snake:2  | Reached skill level 10 in Maces & Flails
 17879 | Snake:2  | Reached skill level 10 in Staves
 17879 | Snake:2  | Reached skill level 10 in Slings
 17879 | Snake:2  | Reached skill level 10 in Bows
 17879 | Snake:2  | Reached skill level 10 in Crossbows
 17879 | Snake:2  | Reached skill level 10 in Throwing
 17879 | Snake:2  | Reached skill level 10 in Stealth
 17879 | Snake:2  | Reached skill level 10 in Shields
 17879 | Snake:2  | Reached skill level 10 in Unarmed Combat
 17879 | Snake:2  | Reached skill level 10 in Evocations
 18075 | Snake:2  | Identified the Reference Book on the Snowflakes and the
                  | Volcanoes
 18334 | Snake:2  | Noticed Azrael
 18358 | Snake:2  | Killed Azrael
 18686 | Snake:2  | Learned a level 4 spell: Summon Lightning Spire
 18691 | Snake:2  | Learned a level 4 spell: Airstrike
 19002 | Snake:3  | Reached XP level 16. HP: 125/125 MP: 18/31
 19667 | Snake:3  | Found a transporter.
 19668 | Snake:3  | Identified the +7 shortbow "Beast's Death Toll" {freeze,
                  | Str+3 SInv Stlth+}
 19690 | Snake:3  | Found a transporter.
 19711 | Snake:3  | Noticed a nagaraja
 19720 | Snake:3  | Killed a nagaraja
 20090 | Snake:4  | Entered Level 4 of the Snake Pit
 20135 | Snake:4  | Noticed a nagaraja
 20144 | Snake:4  | Killed a nagaraja
 20183 | Snake:4  | Found the +10 large shield of Ignorance {rN+ Int-4}
 20318 | Snake:4  | Noticed Vashnia
 20354 | Snake:4  | Killed Vashnia
 20354 | Snake:4  | Reached skill level 11 in Unarmed Combat
 20371 | Snake:4  | Reached XP level 17. HP: 110/133 MP: 18/33
 20748 | Snake:4  | Got a serpentine rune of Zot
 21309 | Swamp:1  | Entered Level 1 of the Swamp
 22055 | Swamp:2  | Identified the +5 spear "Iplyel" {protect, rElec MR+}
 22403 | Swamp:2  | Reached skill level 10 in Conjurations
 22403 | Swamp:2  | Reached skill level 10 in Hexes
 22403 | Swamp:2  | Reached skill level 10 in Summonings
 22403 | Swamp:2  | Reached skill level 10 in Necromancy
 22403 | Swamp:2  | Reached skill level 10 in Translocations
 22403 | Swamp:2  | Reached skill level 10 in Transmutations
 22403 | Swamp:2  | Reached skill level 10 in Fire Magic
 22403 | Swamp:2  | Reached skill level 10 in Ice Magic
 22403 | Swamp:2  | Reached skill level 10 in Air Magic
 22403 | Swamp:2  | Reached skill level 10 in Earth Magic
 22403 | Swamp:2  | Reached skill level 10 in Poison Magic
 22892 | Swamp:3  | Reached XP level 18. HP: 92/141 MP: 22/34
 22913 | Swamp:3  | Found a runed translucent gate.
 22914 | Swamp:3  | Found a runed translucent gate.
 22915 | Swamp:3  | Found a runed translucent gate.
 22916 | Swamp:3  | Noticed Yrretem's ghost (adept GnWr)
 22916 | Swamp:3  | Noticed Letemop's ghost (journeyman HOMo)
 22917 | Swamp:3  | Noticed Koqikobu's ghost (adept GnSk)
 22946 | Swamp:3  | Identified a scroll of acquirement
 23236 | Swamp:3  | Identified the cursed ring of Okawaru's Indignation {rF+
                  | MR- Dex+4 SInv} (You acquired it on level 3 of the Swamp)
 23282 | Swamp:4  | Entered Level 4 of the Swamp
 23890 | Swamp:4  | Noticed the 27-headed Lernaean hydra
 23919 | Swamp:4  | Killed the 27-headed Lernaean hydra
 23919 | Swamp:4  | Reached skill level 12 in Unarmed Combat
 24051 | Swamp:4  | Got a decaying rune of Zot
 24223 | Swamp:3  | Killed Letemop's ghost
 24232 | Swamp:3  | Killed Yrretem's ghost
 24251 | Swamp:3  | Killed Koqikobu's ghost
 25215 | D:12     | Learned a level 1 spell: Confusing Touch
 25221 | D:12     | Learned a level 5 spell: Silence
 25226 | D:12     | Learned a level 4 spell: Cause Fear
 25233 | D:12     | Learned a level 6 spell: Statue Form
 25443 | D:13     | Found an ancient bone altar of Kikubaaqudgha.
 26042 | D:14     | Identified the +9 battleaxe of Sudicwae {freeze, rElec}
 26079 | D:14     | Noticed Louise
 26084 | D:14     | Killed Louise
 26186 | D:14     | Found a gate to the Vaults.
 26213 | D:14     | Reached XP level 19. HP: 149/149 MP: 24/36
 26661 | Vaults:1 | Entered Level 1 of the Vaults
 26790 | Vaults:1 | Identified the +4 scale mail of Runlocuss {Int+2}
 27457 | Vaults:1 | Found a runed translucent gate.
 27457 | Vaults:1 | Found a runed translucent gate.
 27457 | Vaults:1 | Found a runed translucent gate.
 27459 | Vaults:1 | Noticed Cakofrod's ghost (veteran DrBe)
 27511 | Vaults:1 | Killed Cakofrod's ghost
 27623 | Vaults:2 | Found Gath's Antique Armour Shoppe.
 27815 | Vaults:2 | Reached XP level 20. HP: 153/157 MP: 26/37
 27821 | Vaults:2 | Reached skill level 13 in Unarmed Combat
 28315 | Vaults:2 | Found a staircase to the Crypt.
 28423 | Vaults:2 | Noticed Mara
 28428 | Vaults:2 | Noticed Dirofilaria's illusion
 28446 | Vaults:2 | Killed Mara
 29421 | Vaults:3 | Found Goliraupp's General Store.
 30078 | Vaults:4 | Reached XP level 21. HP: 116/165 MP: 28/39
 30237 | Vaults:4 | Noticed Mennas
 30473 | Vaults:4 | Found a runed translucent gate.
 30473 | Vaults:4 | Found a runed translucent gate.
 30473 | Vaults:4 | Found a runed translucent gate.
 30473 | Vaults:4 | Noticed Orei's ghost (veteran DsWn)
 30725 | Vaults:4 | Noticed Sojobo
 30739 | Vaults:4 | Killed Sojobo
 31191 | Vaults:4 | Killed Mennas
 31283 | Vaults:4 | Upgraded the game from 0.24-a0-583-g87330a4 to
                  | 0.24-a0-584-g9d6b971
 31339 | Vaults:4 | Learned a level 5 spell: Dispel Undead
 31340 | Vaults:5 | Entered Level 5 of the Vaults
 31656 | Vaults:4 | Reached skill level 15 in Invocations
 31747 | Vaults:4 | Reached skill level 14 in Unarmed Combat
 31824 | Vaults:4 | HP: 4/166 [vault guard/+0 battleaxe (5)]
 31962 | Vaults:5 | Noticed a golden dragon
 32171 | Vaults:4 | Reached XP level 22. HP: 129/173 MP: 25/40
 32248 | Vaults:5 | Paralysed by an orc sorcerer for 6 turns
 32465 | Vaults:5 | Cast into level 2 of the Abyss (a deep elf sorcerer)
 32904 | Abyss:2  | Reached skill level 15 in Spellcasting
 32958 | Vaults:5 | Escaped the Abyss
 33076 | Vaults:4 | Got the cursed helmet "Ejuifo" {Int+3}
 33087 | Vaults:4 | Identified the cursed +1 helmet "Ejuifo" {Int+3} (You
                  | acquired it on level 4 of the Vaults)
 33131 | Vaults:5 | Cast into level 2 of the Abyss (a deep elf demonologist)
 33281 | Vaults:5 | Escaped the Abyss
 33324 | Vaults:4 | Reached skill level 15 in Fighting
 33324 | Vaults:4 | Reached skill level 15 in Polearms
 33324 | Vaults:4 | Reached skill level 15 in Dodging
 33379 | Vaults:5 | Noticed a golden dragon
 33551 | Vaults:5 | Killed a golden dragon
 33701 | Vaults:5 | Noticed an ancient lich
 33764 | Vaults:5 | Noticed a golden dragon
 33772 | Vaults:5 | Killed a golden dragon
 33835 | Vaults:5 | Noticed a golden dragon
 33848 | Vaults:5 | Killed a golden dragon
 33891 | Vaults:5 | Reached XP level 23. HP: 151/181 MP: 26/42
 33951 | Vaults:5 | Got a silver rune of Zot
 34082 | Vaults:5 | Reached skill level 15 in Armour
 34351 | Vaults:5 | Identified the +6 scimitar "Vosmal" {pain, rPois Int+2}
 34406 | Vaults:5 | Identified the ring of Doubts {Int+5 Dex+6}
 34408 | Vaults:5 | Identified the +4 ring mail of Geeptall {rC+ rN+ Dex+4}
 34478 | Vaults:5 | Noticed an ancient lich
 34482 | Vaults:5 | Paralysed by an ancient lich for 4 turns
 34494 | Vaults:5 | Paralysed by an ancient lich for 7 turns
 34505 | Vaults:5 | Killed an ancient lich
 34579 | Vaults:5 | Reached skill level 15 in Short Blades
 34579 | Vaults:5 | Reached skill level 15 in Long Blades
 34579 | Vaults:5 | Reached skill level 15 in Axes
 34579 | Vaults:5 | Reached skill level 15 in Maces & Flails
 34579 | Vaults:5 | Reached skill level 15 in Staves
 34579 | Vaults:5 | Reached skill level 15 in Slings
 34579 | Vaults:5 | Reached skill level 15 in Bows
 34579 | Vaults:5 | Reached skill level 15 in Crossbows
 34579 | Vaults:5 | Reached skill level 15 in Throwing
 34579 | Vaults:5 | Reached skill level 15 in Stealth
 34579 | Vaults:5 | Reached skill level 15 in Shields
 34579 | Vaults:5 | Reached skill level 15 in Unarmed Combat
 34579 | Vaults:5 | Reached skill level 15 in Evocations
 34592 | Vaults:5 | HP: 9/182 [fire giant/+0 great sword of flaming (2)]
 34827 | Vaults:5 | Identified the ring "Osmun" {Int+3 Dex+4}
 34987 | Vaults:5 | Identified the +5 trident "Qirruo" {flame, rPois Int+3
                  | Dex+3}
 34987 | Vaults:5 | Identified the ring "Basch" {rElec rPois rF+ MR- Int+3
                  | Dex+4}
 35404 | D:15     | Entered Level 15 of the Dungeon
 35448 | D:15     | Found a staircase to the Depths.
 35645 | D:15     | Found Lyppaico's Antique Armour Boutique.
 35961 | D:15     | Found an opulent altar of Gozag.
 36217 | Depths:1 | Entered Level 1 of the Depths
 36425 | Depths:1 | Reached XP level 24. HP: 124/190 MP: 28/42
 36460 | Depths:1 | Found a one-way gate leading to the halls of Pandemonium.
 36743 | Depths:1 | Found a one-way gate to the infinite horrors of the Abyss.
 36789 | Depths:1 | Found a gateway to Hell.
 37538 | Depths:2 | Identified the +6 mace of Fee Simple {holy, +Rage Dex+4
                  | SInv}
 37538 | Depths:2 | Identified the ring of Nihilism {+Fly rN++}
 37562 | Depths:2 | Identified the +1 ring mail "Boggoc" {rF+ rC- Str+7 Slay+4}
 38165 | Depths:3 | Found a gateway to a ziggurat.
 38282 | Depths:3 | Reached skill level 16 in Unarmed Combat
 38292 | Depths:3 | Reached XP level 25. HP: 195/197 MP: 33/43
 38638 | Depths:3 | Noticed Xtahua
 38662 | Depths:3 | Killed Xtahua
 39112 | Depths:4 | Identified the +6 ring mail "Nosyk" {Int+4}
 39264 | Depths:4 | Noticed a juggernaut
 39269 | Depths:4 | Killed a juggernaut
 39334 | Depths:4 | Identified the +5 double sword "Ovizenur" {vamp, rPois
                  | Str+3 Dex+3}
 39781 | Depths:4 | Noticed Margery
 39782 | Depths:4 | Identified the cursed +3 flail of Foul Odors {crush, rF+
                  | rC+ Str-5 Stlth+}
 39803 | Depths:4 | Reached skill level 17 in Unarmed Combat
 39817 | Depths:4 | Killed Margery
 39885 | Depths:4 | Reached XP level 26. HP: 207/207 MP: 32/43
 39957 | Depths:5 | Entered Level 5 of the Depths
 39972 | Depths:5 | Noticed Boris
 40002 | Depths:5 | Killed Boris
 40009 | Depths:5 | Reached skill level 15 in Charms
 40037 | Depths:5 | Identified Monal's Disquisition on Dark Conjuration
 40176 | Depths:5 | Found a gate to the Realm of Zot.
 41405 | Elf:1    | Entered Level 1 of the Elven Halls
 41413 | Elf:1    | Found Vebbaod's Distillery.
 41421 | Elf:1    | Bought a potion of experience for 900 gold pieces
 41421 | Elf:1    | Reached XP level 27. HP: 215/215 MP: 35/44
 41815 | Elf:1    | Reached skill level 18 in Unarmed Combat
 42478 | Elf:2    | Found a runed translucent gate.
 42478 | Elf:2    | Found a runed translucent gate.
 42483 | Elf:2    | Found a runed translucent gate.
 43130 | Elf:3    | Entered Level 3 of the Elven Halls
 43163 | Elf:3    | Found Giskon's Assorted Antiques.
 43222 | Elf:3    | Noticed Saint Roka
 43239 | Elf:3    | Killed Saint Roka
 43750 | Elf:3    | Identified the ring of Cesk {MR+ Dex+4}
 43957 | Elf:3    | Found the +3 sling "Punk" {acid, rCorr}
 44018 | Elf:3    | Identified the +3 great sword of Profit {vamp, rF+ rC++
                  | Str+4 Int+3}
 44019 | Elf:3    | Found the +6 shillelagh "Devastator" {shatter}
 44148 | Elf:3    | Identified Roxanne's Guide on Earth
 44148 | Elf:3    | Noticed Roxanne
 44180 | Elf:3    | Killed Roxanne
 44264 | Elf:3    | Found Puul's Antique Weapon Boutique.
 44277 | Elf:3    | Identified the cursed +0 leather armour of the Shining
                  | Light {rF++ rC- Str-5 Int+9}
 44285 | Elf:3    | Reached skill level 15 in Conjurations
 44285 | Elf:3    | Reached skill level 15 in Hexes
 44285 | Elf:3    | Reached skill level 15 in Summonings
 44285 | Elf:3    | Reached skill level 15 in Necromancy
 44285 | Elf:3    | Reached skill level 15 in Translocations
 44285 | Elf:3    | Reached skill level 15 in Transmutations
 44285 | Elf:3    | Reached skill level 15 in Fire Magic
 44285 | Elf:3    | Reached skill level 15 in Ice Magic
 44285 | Elf:3    | Reached skill level 15 in Air Magic
 44285 | Elf:3    | Reached skill level 15 in Earth Magic
 44285 | Elf:3    | Reached skill level 15 in Poison Magic
 44317 | Elf:3    | Noticed Bai Suzhen
 44333 | Elf:3    | Killed Bai Suzhen
 44898 | Slime:1  | Entered Level 1 of the Pits of Slime
 44911 | Slime:1  | Reached skill level 19 in Unarmed Combat
 45363 | Crypt:1  | Entered Level 1 of the Crypt
 46130 | Crypt:2  | Found the +9 scales of the Dragon King {rPois rF+ rC+ MR+}
 47076 | Crypt:3  | Entered Level 3 of the Crypt
 47076 | Crypt:3  | Noticed Boris
 47100 | Crypt:3  | Killed Boris
 47716 | Crypt:3  | Found an ancient bone altar of Kikubaaqudgha.
 47718 | Crypt:3  | Noticed an ancient lich
 47727 | Crypt:3  | Killed an ancient lich
 47738 | Crypt:3  | Noticed an ancient lich
 47752 | Crypt:3  | Killed an ancient lich
 47765 | Crypt:3  | Identified the +2 arbalest "Zidul" {elec, *Contam +Blink
                  | SInv Stlth+}
 47765 | Crypt:3  | Found the ring of Robustness {AC+8}
 48010 | Crypt:3  | Found a staircase to the Tomb.
 48063 | Crypt:3  | Identified the Papyrus of Enchantment
 48920 | Depths:1 | Voluntarily entered the Abyss.
 48929 | Abyss:1  | Found a corrupted altar of Lugonu.
 48929 | Abyss:1  | Found a corrupted altar of Lugonu.
 49046 | Abyss:3  | Found a shadowy altar of Dithmenos.
 49278 | Abyss:4  | Paralysed by accursed screaming for 1 turns
 49281 | Abyss:4  | Paralysed by accursed screaming for 2 turns
 49289 | Abyss:5  | Entered Level 5 of the Abyss
 49289 | Abyss:5  | Entered Level 5 of the Abyss
 49290 | Abyss:5  | Found a corrupted altar of Lugonu.
 49335 | Abyss:5  | Found a corrupted altar of Lugonu.
 49346 | Abyss:5  | Found a corrupted altar of Lugonu.
 49353 | Abyss:5  | Found a corrupted altar of Lugonu.
 49504 | Abyss:5  | Reached skill level 20 in Unarmed Combat
 49547 | Abyss:5  | Got an abyssal rune of Zot
 49566 | Depths:1 | Escaped the Abyss
 49735 | Zot:1    | Entered Level 1 of the Realm of Zot
 50160 | Zot:1    | Identified a +1 pair of boots of running
 50161 | Zot:1    | Identified the +4 dragonskin cloak
 50161 | Zot:1    | Noticed Tiamat
 50194 | Zot:1    | Killed Tiamat
 50820 | Zot:2    | Identified the +7 mace "Dirofilaria's Foe" {freeze, *Rage
                  | rPois MR++ Stlth+}
 50840 | Zot:2    | Identified the cursed amulet of Tulips {Acrobat Dex+4} (You
                  | acquired it on level 2 of the Realm of Zot)
 51272 | Zot:3    | Identified the +8 chain mail of the Merchant {MR- Slay+2
                  | SInv}
 51375 | Zot:2    | HP: 9/221 [storm dragon (10)]
 51653 | Zot:2    | Reached skill level 21 in Unarmed Combat
 51922 | Zot:3    | Noticed an orb of fire
 51958 | Zot:3    | Killed an orb of fire
 52969 | Zot:4    | Identified the +7 hunting sling of the Extremes {freeze,
                  | Dex+3}
 54014 | Zot:4    | Identified the +2 ring mail "Sihon" {Regen+ Str-4 Stlth+}
                  | (You bought it in a shop on level 2 of the Orcish Mines)
 54193 | Hell     | Entered the Vestibule of Hell
 54193 | Hell     | Noticed Geryon
 54633 | Hell     | Killed Geryon
 54729 | Hell     | Found a gateway to the ashen valley of Gehenna.
 54853 | Hell     | Reached skill level 22 in Unarmed Combat
 54878 | Hell     | Found a gateway to the freezing wastes of Cocytus.
 54947 | Hell     | Found a gateway to the decaying netherworld of Tartarus.
 55089 | Hell     | Found a gateway to the Iron City of Dis.
 55155 | Geh:1    | Entered Level 1 of Gehenna
 56164 | Geh:7    | Entered Level 7 of Gehenna
 56594 | Geh:7    | HP: 9/224 [Brimstone Fiend/damnation (31)]
 56595 | Geh:7    | Killed from afar by a hellion

Levels and vault maps discovered:
D:1:      lightli_arrival_statue_moat, layout_loops_ring,
          chequers_serial_rivers_room_a, serial_bayou_pond_c,
          chequers_arboretum, grunt_decor_arrowhead, serial_bayou_crossing
D:2:      layout_basic
D:3:      layout_basic, fedhas_altar_fruit_tree, old_standard_altar,
          minmay_curled_crystal, trog_hazing_becter, uniq_sigmund, uniq_grinder
D:4:      layout_basic
D:5:      layout_cave_pools, gammafunk_temple_overflow_claw,
          minmay_temple_entry_poolview, first_ration, serial_column_ruins,
          column_ruins_hut, column_ruins_corridor_straight, column_ruins_grid_3,
          column_ruins_grid_3, column_ruins_open_tiny, column_ruins_grid_3,
          column_ruins_corridor_corner, column_ruins_open_tiny,
          kennysheep_generic_room_11
D:6:      layout_loops_ring, minmay_misc_feat_secret_circle
D:7:      layout_loops_corners, old_standard_altar, basic_altar,
          evilmike_ruin_ashenzari
D:8:      layout_basic, uniq_harold
D:9:      layout_basic, lair_entry_dummy, david_nohive_1
D:10:     layout_irregular_city, uniq_erolcha
D:11:     layout_roguey, erik_orc_4, serial_shops, shop, minmay_between
D:12:     layout_gridville
D:13:     layout_loops_ring, drop_trap, lemuel_mausoleum_altar_kikubaaqudgha
D:14:     layout_grid_maze, skrybe_vaults_entry_preservation, uniq_louise
D:15:     gammafunk_depths_entry_grave, layout_stronghold, serial_shops, shop,
          serial_park_tiny_2, nicolae_gozag_cash_rules_everything_around_me
Temple:   eino_temple_scatter_basement
Lair:1:   layout_cave_pods, portal_ice_cave_entry_imps, gammafunk_ghost_grave,
          basic_altar
Lair:2:   layout_cave_pods, basic_altar, st_stairs_11, grunt_megastairs_2
Lair:3:   layout_small_grid, grunt_megastairs_4
Lair:4:   layout_gridlike, palyth_hydra_swamp_entry,
          minmay_snake_entry_guardpost_medium, serial_bayou_shore_a,
          infiniplex_staircase_pool
Lair:5:   layout_regular_city, gauntlet_entry_generic, serial_bayou_pond_e
Lair:6:   due_jungle_book, layout_misc_corridors,
          minmay_slime_entry_oklob_enclosed, serial_bayou_pond_d
Swamp:1:  layout_basic_swamp, nicolae_swamp_very_dense_foliage, swamp_pool1
Swamp:2:  layout_basic_swamp, serial_swamp_ruin, evilmike_swamp_ruin_house_3,
          evilmike_swamp_ruin_house_4, evilmike_swamp_ruin_house_5
Swamp:3:  layout_basic_swamp, gammafunk_ghost_cemetery, hangedman_swamp_cone,
          swamp_pool4
Swamp:4:  swamp_old_school, layout_basic_swamp
Snake:1:  layout_chambers
Snake:2:  dpeg_oklob_gauntlet, layout_misc_corridors, serial_shops,
          nicolae_shop_stone, uniq_azrael
Snake:3:  gammafunk_the_bubble [the_bubble_gammafunk_grid], layout_basic,
          st_stairs_14
Snake:4:  snake_pit, layout_cave_town, grunt_megastairs_3, uniq_vashnia
Slime:1:  layout_caves
Orc:1:    layout_caves, serial_shops, shop, shop, shop, shop_scrolls
Orc:2:    grunt_orc_gardens, layout_diamond_mine, grunt_orc_garden,
          grunt_orc_garden, grunt_orc_garden, grunt_orc_garden
Elf:1:    layout_gridlike, serial_shops, shop, hangedman_corner_corridor
Elf:2:    layout_onion_city
Elf:3:    grunt_elf_hall_spiral, layout_gridlike, serial_shops,
          nicolae_shop_overgrown_old_shop, shop, uniq_bai_suzhen, uniq_roxanne,
          uniq_saint_roka
Vaults:1: gammafunk_vaults_ghost_necromancy, ontoclasm_vaults_shout,
          ontoclasm_vaults_gateway, nicolae_vaults_gold_heap,
          vaults_mumra_minichess, nicolae_vaults_three_branches, v_misc_25,
          ontoclasm_vaults_hangar, v_misc_2, vaults_room_corners,
          ontoclasm_vaults_eye, layout_vaults_omnibox
Vaults:2: minmay_crypt_entry_simple_plaza, hangedman_vaults_stitches, v_misc_12,
          vaults_dpeg_ring, nicolae_vaults_disjoint_gnomons, v_misc_15,
          v_misc_17, ontoclasm_vaults_loading_screen, ontoclasm_vaults_twist,
          layout_vaults_omnicross, serial_shops, nicolae_shop_waterfront,
          uniq_mara
Vaults:3: hangedman_vaults_cutoff, vaults_mumra_chevron, hangedman_vaults_maws,
          vaults_mumra_minichess_inversion, nicolae_vaults_little_squares_4,
          vaults_room_fancy_cross, nicolae_vaults_ninety_degrees,
          vaults_room_fours, vaults_room_stairs_pillars,
          layout_vaults_chaotic_city, serial_shops, shop
Vaults:4: gammafunk_vaults_ghost_split, vaults_dpeg_diagonal, v_misc_30,
          nicolae_vaults_network_barrier, hangedman_vaults_restitches,
          nicolae_vaults_ring_of_whatevers, nicolae_vaults_shelves_hall,
          vaults_standard_mumra_enter_the_diamond, layout_vaults_omnigrid,
          uniq_sojobo, uniq_mennas
Vaults:5: serial_shops
Crypt:1:  layout_regular_city, minivault_14, minmay_misc_feat_alley
Crypt:2:  layout_basic, minmay_guarded_unrand_curses
Crypt:3:  quadcrypt_mu
Depths:1: layout_cave_pools, abyss_entry_small_statue_room,
          rand_demon_pan_entry_8, serial_bayou, serial_bayou_lagoon_a,
          serial_bayou_pond_e, serial_bayou_lake_a, serial_bayou_pond_c,
          hell_entry, bh_walls_and_bars
Depths:2: minmay_nine_rooms, layout_cave_pools, serial_column_ruins,
          column_ruins_portal_squares, column_ruins_hut,
          column_ruins_square_medium, column_ruins_grid_3,
          column_ruins_open_tiny_water, column_ruins_open_tiny,
          column_ruins_open_small, pf_coc_iceberg
Depths:3: kennysheep_bubbly, layout_basic, enter_ziggurat_f, hell_entry,
          nicolae_two_hexagons, rand_demon_pan_entry_1,
          minmay_staircase_windowed_small, uniq_xtahua
Depths:4: minmay_the_grid_3x3 [minmay_the_grid_doors,
          minmay_the_grid_broken_lines, minmay_the_grid_aliased_spiral,
          minmay_the_grid_minigrid_small_alt, minmay_the_grid_expand,
          minmay_the_grid_spin_star, minmay_the_grid_fan,
          minmay_the_grid_garden, minmay_the_grid_prize_four_corners_diamond_b],
          layout_gridlike, hangedman_decor_peaks_small, hell_entry, abyss_entry,
          minmay_orc_keep, uniq_margery
Depths:5: grunt_crosshair, layout_cave_shapes, lightli_too_deep, serial_sigils,
          serial_sigils_hangedman_gut, serial_sigils_hangedman_shear,
          serial_sigils_hangedman_snap, serial_sigils_hangedman_gut,
          serial_sigils_hangedman_confine, uniq_boris
Hell
Geh:1:    layout_gehenna_lava_caves
Geh:2:    layout_gehenna_pools_box, hangedman_mysterious_dungeon_monster_house
Geh:3:    layout_gehenna_lava_caves, hangedman_feature_mirror
Geh:4:    layout_gehenna_lava_caves
Geh:5:    layout_gehenna_lava_caves
Geh:6:    layout_gehenna_pools_box, nicolae_geh_fiery_graves
          [nicolae_geh_single_fiery_grave, nicolae_geh_single_fiery_grave,
          nicolae_geh_single_fiery_grave, nicolae_geh_single_fiery_grave,
          nicolae_geh_single_fiery_grave, nicolae_geh_single_fiery_grave,
          nicolae_geh_single_fiery_grave, nicolae_geh_single_fiery_grave,
          nicolae_geh_single_fiery_grave]
Geh:7:    geh_grunt
Zot:1:    layout_basic, st_small_dragon_hoard_1, grunt_megastairs_1, uniq_tiamat
Zot:2:    layout_misc_corridors
Zot:3:    layout_twisted_circle, evilmike_ambush [evilmike_ambush_outer_corners,
          evilmike_ambush_inner_basic]
Zot:4:    layout_gridlike

Skill      XL: |  1  2  3  4  5  6  7  8  9 10 11 12 13 14 15 16 17 18 19 20 21 22 23 24 25 26 27 |
---------------+----------------------------------------------------------------------------------+-----
Spellcasting   | 5 6 7 8 9 10 11 12 13 14 15 16 17 20 | 20.0
Invocations    | 1 2 3 4 5 6 7 8 9 10 11 12 13 14 15 16 17 18 21 | 21.0
Short Blades   | 1 2 3 4 5 6 7 8 9 10 11 12 13 14 15 16 19 | 19.6
Long Blades    | 1 2 3 4 5 6 7 8 9 10 11 12 13 14 15 16 19 | 19.6
Axes           | 1 2 3 4 5 6 7 8 9 10 11 12 13 14 15 16 19 | 19.6
Maces & Flails | 1 2 3 4 5 6 7 8 9 10 11 12 13 14 15 16 19 | 19.6
Staves         | 1 2 3 4 5 6 7 8 9 10 11 12 13 14 15 16 19 | 19.6
Slings         | 1 2 3 4 5 6 7 8 9 10 11 12 13 14 15 16 19 | 19.6
Bows           | 1 2 3 4 5 6 7 8 9 10 11 12 13 14 15 16 19 | 19.6
Crossbows      | 1 2 3 4 5 6 7 8 9 10 11 12 13 14 15 16 19 | 19.6
Throwing       | 1 2 3 4 5 6 7 8 9 10 11 12 13 14 15 16 19 | 19.6
Stealth        | 1 2 3 4 5 6 7 8 9 10 11 12 13 14 15 16 19 | 19.6
Shields        | 1 2 3 4 5 6 7 8 9 10 11 12 13 14 15 16 19 | 19.6
Unarmed Combat | 1 2 3 4 5 6 7 8 9 10 11 12 13 14 15 16 17 22 | 22.5
Evocations     | 1 2 3 4 5 6 7 8 9 10 11 12 13 14 15 16 19 | 19.6
Armour         | 3 4 5 6 7 8 9 10 11 12 13 14 15 16 19 | 19.7
Conjurations   | 1 2 3 4 5 6 7 8 9 10 11 12 13 14 16 | 16.9
Hexes          | 1 2 3 4 5 6 7 8 9 10 11 12 13 14 16 | 16.9
Summonings     | 1 2 3 4 5 6 7 8 9 10 11 12 13 14 16 | 16.9
Necromancy     | 1 2 3 4 5 6 7 8 9 10 11 12 13 14 16 | 16.9
Translocations | 1 2 3 4 5 6 7 8 9 10 11 12 13 14 16 | 16.9
Transmutations | 1 2 3 4 5 6 7 8 9 10 11 12 13 14 16 | 16.9
Fire Magic     | 1 2 3 4 5 6 7 8 9 10 11 12 13 14 16 | 16.9
Ice Magic      | 1 2 3 4 5 6 7 8 9 10 11 12 13 14 16 | 16.9
Air Magic      | 1 2 3 4 5 6 7 8 9 10 11 12 13 14 16 | 16.9
Earth Magic    | 1 2 3 4 5 6 7 8 9 10 11 12 13 14 16 | 16.9
Poison Magic   | 1 2 3 4 5 6 7 8 9 10 11 12 13 14 16 | 16.9
Fighting       | 5 6 7 8 9 10 11 12 13 14 15 16 17 19 | 19.9
Polearms       | 5 6 7 8 9 10 11 12 13 14 15 16 17 19 | 19.9
Dodging        | 5 6 7 8 9 10 11 12 13 14 15 16 17 19 | 19.9
Charms         | 6 7 8 9 10 11 12 13 14 15 17 | 17.6

Action                   |  1- 3 |  4- 6 |  7- 9 | 10-12 | 13-15 | 16-18 | 19-21 | 22-24 | 25-27 || total
-------------------------+-------+-------+-------+-------+-------+-------+-------+-------+-------++-------
Melee: Spear             |    90 |     9 |       |       |       |       |       |       |       ||    99
       Bite              |     8 |     2 |    22 |    53 |    86 |   103 |   184 |   196 |   579 ||  1233
       Halberd           |       |    42 |   102 |       |       |       |       |       |       ||   144
       Trident           |       |       |   158 |   431 |       |       |       |       |       ||   589
       Punch             |       |       |     2 |    16 |    13 |       |       |       |       ||    31
       Demon trident     |       |       |       |   142 |   766 |  1102 |  1216 |  1233 |  3886 ||  8345
 Cast: Infusion          |     1 |     1 |       |     2 |     4 |       |     1 |       |     1 ||    10
       Spectral Weapon   |     3 |     6 |    32 |    55 |    58 |    78 |    77 |    94 |   247 ||   650
       Regeneration      |     1 |     2 |     5 |    21 |    10 |    13 |    17 |    21 |    55 ||   145
       Summon Lightning  |       |       |       |       |     1 |       |     1 |       |       ||     2
       Cause Fear        |       |       |       |       |       |       |     1 |       |     1 ||     2
       Blink             |       |       |       |       |       |       |       |     1 |       ||     1
Invok: Curse Item        |       |       |       |     2 |     4 |     2 |       |     3 |     3 ||    14
Evoke: Lamp of fire      |       |       |       |       |     1 |       |     1 |       |     3 ||     5
       Wand              |       |       |       |       |    30 |     4 |     1 |       |     2 ||    37
       Fan of gales      |       |       |       |       |       |       |       |       |     1 ||     1
  Use: Scroll            |       |     7 |    10 |    10 |     4 |    13 |     6 |    10 |    12 ||    72
       Potion            |       |       |       |     1 |       |       |     3 |     1 |     3 ||     8
 Stab: Sleeping          |     1 |     2 |     5 |    11 |    18 |    32 |    20 |     3 |       ||    92
       Distracted        |       |     2 |     2 |     6 |    15 |    20 |    20 |    16 |    85 ||   166
  Eat: Ration            |       |     1 |       |       |       |       |       |       |     6 ||     7
       Chunk             |       |     2 |    14 |    29 |    30 |    23 |    23 |    22 |    40 ||   183
Armor: Leather armour    |    14 |    22 |    12 |    33 |       |       |       |       |       ||    81
       Ring mail         |       |       |    47 |   113 |    60 |       |       |       |       ||   220
       Chain mail        |       |       |       |       |    76 |   188 |   182 |   133 |       ||   579
       Gold dragon scale |       |       |       |       |       |       |       |   132 |   775 ||   907
Dodge: Dodged            |    49 |    34 |   179 |   346 |   238 |   142 |   176 |   250 |   917 ||  2331
Block: Buckler           |       |       |       |       |    55 |       |       |       |       ||    55
       Large shield      |       |       |       |       |    77 |   792 |   965 |  1158 |  3579 ||  6571
       Reflection        |       |       |       |       |       |       |       |       |    37 ||    37

Table legend:
 A = Non-vault XP
 B = Vault XP
 C = Vault XP percentage of total XP
 D = Non-vault monster count
 E = Vault monster count
 F = Vault count percentage of total count
                 A         B        C        D         E       F
            +---------+---------+-------+---------+---------+-------
      Total | 1236889 |  799906 |  39.3 |    2180 |     877 |  28.7
            +---------+---------+-------+---------+---------+-------
        D:1 |      34 |       0 |   0.0 |      14 |       0 |   0.0
        D:2 |      91 |       0 |   0.0 |      19 |       0 |   0.0
        D:3 |      20 |     509 |  96.2 |       5 |       8 |  61.5
        D:4 |     409 |       0 |   0.0 |      11 |       0 |   0.0
        D:5 |     419 |      11 |   2.6 |      12 |       1 |   7.7
        D:6 |     820 |       0 |   0.0 |      20 |       0 |   0.0
        D:7 |    1740 |       0 |   0.0 |      35 |       0 |   0.0
        D:8 |    2369 |     997 |  29.6 |      27 |       1 |   3.6
        D:9 |    3356 |    1033 |  23.5 |      38 |      13 |  25.5
       D:10 |    1448 |     982 |  40.4 |      15 |       1 |   6.2
       D:11 |    5894 |    1249 |  17.5 |      49 |      19 |  27.9
       D:12 |    7115 |       0 |   0.0 |      35 |       0 |   0.0
       D:13 |    7587 |     500 |   6.2 |      29 |      12 |  29.3
       D:14 |    7404 |    6105 |  45.2 |      31 |      10 |  24.4
       D:15 |   15054 |    4544 |  23.2 |      54 |       8 |  12.9
     Lair:1 |     737 |     123 |  14.3 |       4 |      12 |  75.0
     Lair:2 |    6568 |     353 |   5.1 |      27 |       3 |  10.0
     Lair:3 |    1226 |    1067 |  46.5 |       6 |       4 |  40.0
     Lair:4 |     852 |    4089 |  82.8 |       7 |      13 |  65.0
     Lair:5 |    5830 |       0 |   0.0 |      25 |       0 |   0.0
     Lair:6 |   21195 |    4585 |  17.8 |      40 |       8 |  16.7
    Swamp:1 |   15880 |       0 |   0.0 |      43 |       0 |   0.0
    Swamp:2 |    4941 |       0 |   0.0 |      27 |       0 |   0.0
    Swamp:3 |   10151 |    6536 |  39.2 |      25 |       3 |  10.7
    Swamp:4 |   15449 |   21487 |  58.2 |      33 |      27 |  45.0
    Snake:1 |   17292 |       0 |   0.0 |      33 |       0 |   0.0
    Snake:2 |   14730 |    4312 |  22.6 |      29 |      13 |  31.0
    Snake:3 |   27014 |    8067 |  23.0 |      51 |      15 |  22.7
    Snake:4 |   17601 |   38278 |  68.5 |      26 |      50 |  65.8
    Slime:1 |    4705 |       0 |   0.0 |      10 |       0 |   0.0
      Orc:1 |    4019 |    2536 |  38.7 |      40 |       3 |   7.0
      Orc:2 |    4916 |    7800 |  61.3 |      48 |      24 |  33.3
      Elf:1 |   15840 |    6539 |  29.2 |      29 |       8 |  21.6
      Elf:2 |   27999 |   22709 |  44.8 |      46 |      29 |  38.7
      Elf:3 |   34370 |   56374 |  62.1 |      54 |      43 |  44.3
   Vaults:1 |   33644 |   27504 |  45.0 |      75 |      33 |  30.6
   Vaults:2 |   41637 |   20368 |  32.8 |      78 |      23 |  22.8
   Vaults:3 |   28565 |   15546 |  35.2 |      49 |      19 |  27.9
   Vaults:4 |   60533 |   79024 |  56.6 |      91 |      62 |  40.5
   Vaults:5 |   40286 |   86614 |  68.3 |      46 |      45 |  49.5
    Crypt:1 |   21084 |       0 |   0.0 |      34 |       0 |   0.0
    Crypt:2 |   27931 |    1396 |   4.8 |      37 |       8 |  17.8
    Crypt:3 |    5907 |   63100 |  91.4 |       1 |      81 |  98.8
   Depths:1 |   47582 |      10 |   0.0 |      65 |       1 |   1.5
   Depths:2 |   55239 |   37325 |  40.3 |      68 |      24 |  26.1
   Depths:3 |   58381 |   19631 |  25.2 |      65 |      14 |  17.7
   Depths:4 |   20989 |   69680 |  76.9 |      14 |      52 |  78.8
   Depths:5 |   57411 |   33180 |  36.6 |      67 |      22 |  24.7
       Hell |   18784 |   30077 |  61.6 |      24 |      50 |  67.6
      Geh:1 |   26740 |       0 |   0.0 |      67 |       0 |   0.0
      Geh:2 |    2723 |       0 |   0.0 |       9 |       0 |   0.0
      Geh:3 |   10447 |       0 |   0.0 |      21 |       0 |   0.0
      Geh:4 |   17229 |       0 |   0.0 |      53 |       0 |   0.0
      Geh:5 |    1459 |       0 |   0.0 |       5 |       0 |   0.0
      Geh:6 |   11387 |       0 |   0.0 |      19 |       0 |   0.0
      Geh:7 |   23354 |    8546 |  26.8 |      51 |      13 |  20.3
      Zot:1 |   58100 |   39705 |  40.6 |      36 |      20 |  35.7
      Zot:2 |   57618 |   33140 |  36.5 |      34 |      20 |  37.0
      Zot:3 |   50256 |    4186 |   7.7 |      26 |       4 |  13.3
      Zot:4 |   96812 |       0 |   0.0 |      60 |       0 |   0.0
    Abyss:1 |    5132 |    2282 |  30.8 |       8 |       1 |  11.1
    Abyss:2 |   25460 |       0 |   0.0 |      40 |       0 |   0.0
    Abyss:3 |     758 |    1128 |  59.8 |       1 |       4 |  80.0
    Abyss:4 |   13026 |     406 |   3.0 |      18 |       1 |   5.3
    Abyss:5 |   13340 |   19246 |  59.1 |      21 |      23 |  52.3
      IceCv |       0 |    3315 | 100.0 |       0 |      21 | 100.0
   Gauntlet |       0 |    3712 | 100.0 |       0 |       8 | 100.0
            +---------+---------+-------+---------+---------+-------
